 Dungeon Crawl Stone Soup version 0.27-a0-1202-ge72e49191c (webtiles) character file.

Game seed: 6106817714543683541

82 robertstho the Magician (level 4, -3/31 HPs)
             Began as a Djinni Fire Elementalist on June 2, 2021.
             Slain by Grinder (5 damage)
             ... while paralysed by Grinder
             ... on level 3 of the Dungeon.
             The game lasted 00:04:12 (3566 turns).

robertstho the Magician (Djinni Fire Elementalist)  Turns: 3566, Time: 00:04:13

Health: -3/31      AC:  3    Str:  7    XL:     4   Next: 70%
Gold:   87         EV:  2    Int: 18    God:
                   SH:  0    Dex: 13

rFire    + + .     SeeInvis .   f - +0 dagger
rCold    x . .     Faith    .   (no shield)
rNeg     . . .     Spirit   .   a - +0 robe
rPois    ∞         Reflect  .   h - +0 helmet
rElec    .         Harm     .   (no cloak)
rCorr    +         Rampage  .   (no gloves)
Will     .....                  (boots unavailable)
Stlth    ++........             (no amulet)
HPRegen  0.10/turn              g - ring of resist corrosion
MPRegen  0.00/turn              (no ring)

@: paralysed, flying
A: sickness immunity, fire resistance 2, cold vulnerability 1, float, innate
caster, hp casting, extra vitality 1
a: no special abilities


You were on level 3 of the Dungeon.
You visited 1 branch of the dungeon, and saw 3 of its levels.

You collected 87 gold pieces.

Inventory:

Hand Weapons
 f - a +0 dagger (weapon)
Armour
 a - a +0 robe (worn)
 h - a +0 helmet (worn)
Jewellery
 g - a ring of resist corrosion (left hand)
Scrolls
 b - 2 scrolls of teleportation {unknown}
 e - 2 scrolls of blinking {unknown}
 i - a scroll of brand weapon {unknown}
 j - a scroll of identify {unknown}
 m - a scroll of immolation {unknown}
 o - a scroll of acquirement {unknown}
Potions
 c - a potion of brilliance {unknown}
 d - a potion of lignification {unknown}
 k - 2 potions of heal wounds {unknown}
 l - a potion of haste {unknown}
 n - a potion of curing {unknown}


   Skills:
 + Level 2.3 Dodging
 + Level 2.0 Stealth
 + Level 3.7 Spellcasting


You couldn't memorise any spells.
You knew the following spells:

 Your Spells              Type           Power      Damage    Failure   Level
a - Foxfire               Conj/Fire      68%        2x1d7     3%          1
b - Conjure Flame         Conj/Fire      17%        6-21      10%         3
c - Inner Flame           Hex/Fire       17%        N/A       10%         3
d - Sticky Flame          Conj/Fire      17%        2d4       32%         4
e - Fireball              Conj/Fire      8%         3d6       65%         5
f - Shock                 Conj/Air       68%        1d7       3%          1
Your spell library was empty.

Dungeon Overview and Level Annotations

Branches:
Dungeon (3/15)

Altars:
Uskayaw

Annotations:
D:2 1 runed translucent door, Crazy Yiuf
D:3 Grinder


Innate Abilities, Weirdness & Mutations

You are immune to sickness and miasma.
You are immune to poison.
Your flesh is very heat resistant. (rF++)
You are vulnerable to cold. (rC-)
You float through the air rather than walking.
You learn spells naturally, not from books.
Your magical power is your life essence.
You have superior vitality. (+4 HP)


Message History

You conjure some foxfire!
Unknown command.
Casting: Foxfire (safe; 3% risk of failure)
Press: ? - help, Q - select action, (/) - cycle Dir - look around, f - activate You conjure some foxfire!
Unknown command.
Casting: Foxfire (safe; 3% risk of failure)
Press: ? - help, Q - select action, (/) - cycle Dir - look around, f - activate You conjure some foxfire!
* * * LOW HITPOINT WARNING * * *
Your foxfire dissipates! x4
Unknown command.
Your foxfire dissipates! x3
Your magical contamination has completely faded away.
Casting: Foxfire (safe; 3% risk of failure)
Press: ? - help, Q - select action, (/) - cycle Dir - look around, f - activate You conjure some foxfire!
* * * LOW HITPOINT WARNING * * *
Your foxfire dissipates!
Grinder gestures at you. You resist with significant effort.
Casting: Foxfire (safe; 3% risk of failure)
Press: ? - help, Q - select action, (/) - cycle Dir - look around, f - activate You conjure some foxfire!
* * * LOW HITPOINT WARNING * * *
Grinder says, "Make like a tree!"
Grinder blinks!
Unknown command.
Your foxfire dissipates!
The foxfire hits Grinder.
Grinder is heavily wounded.
The foxfire hits Grinder but does no damage.
Grinder is heavily wounded.
Grinder gestures at you.
You suddenly lose the ability to move!
Grinder hits you.
* * * LOW HITPOINT WARNING * * *
Grinder says, "You look like you could use a good racking."
Grinder hits you.
You die...

#.###.##.####.#...##
#.).<.........##.##
#####.##########.#
##.# #.# #..# #+#
#.## ... ####.#####
.... #........#
.....
##.##..@..###......
##
.......5....'......
+.
##.#......###......
## #.#.##.#.# .....
#...§....# ....
###.###### ... #.#
#+# #.# #.# #.# #.#


You could see Grinder.

Vanquished Creatures
  3 adders
  A worm (D:2)
  2 dart slugs
  2 orcs
  5 endoplasms
  7 hobgoblins
  3 jackals (D:2)
  A quokka (D:1)
  6 ball pythons (D:2)
  3 bats
  3 frilled lizards (D:2)
  3 goblins
  3 kobolds
  4 rats
46 creatures vanquished.

Vanquished Creatures (others)
  A bat (D:1)
  211 foxfires
212 creatures vanquished.

Grand Total: 258 creatures vanquished

Notes
Turn   | Place    | Note
-------+----------+-------------------------------------------
     0 | D:1      | robertstho the Djinni Fire Elementalist began the quest for
                  | the Orb.
     0 | D:1      | Reached XP level 1. HP: 15/15 MP: 0/0
   417 | D:1      | Reached XP level 2. HP: 9/21 MP: 0/0
   842 | D:1      | Found a faded altar of an unknown god.
  1720 | D:2      | Reached skill level 3 in Spellcasting
  1720 | D:2      | Reached XP level 3. HP: 19/25 MP: 0/0
  1720 | D:2      | Learned a level 1 spell: Shock
  2188 | D:2      | Reached XP level 4. HP: 22/31 MP: 0/0
  2393 | D:2      | Found a hide-covered altar of Uskayaw.
  3009 | D:2      | Found a runed translucent door.
  3010 | D:2      | Noticed Crazy Yiuf
  3541 | D:3      | Noticed Grinder
  3545 | D:3      | Paralysed by Grinder for 2 turns
  3563 | D:3      | Paralysed by Grinder for 6 turns
  3566 | D:3      | Slain by Grinder

Illustrated notes

Levels and vault maps discovered:
D:1:      erik_arrival_orb_chamber, layout_basic, ebering_ecumenical_altar_rust,
          lemuel_flame_loot_1
D:2:      layout_loops_ring, basic_altar, chequers_serial_rivers_small_a,
          uniq_crazy_yiuf_cottage
D:3:      layout_loops_corners, marbit_many_paths, uniq_terence, uniq_sigmund,
          uniq_robin, uniq_grinder

Skill      XL: |  1  2  3  4 |
---------------+-------------+-----
Spellcasting   | 3 |  3.7
Stealth        | 2 |  2.0
Dodging        | |  2.3

Action                   |  1- 3 |  4- 6 || total
-------------------------+-------+-------++-------
Melee: Dagger            |       |     1 ||     1
 Cast: Foxfire           |    75 |    67 ||   142
 Stab: Sleeping          |       |     1 ||     1
Armor: Robe              |     2 |       ||     2
Dodge: Dodged            |    13 |    12 ||    25

Table legend: (Time is in decaauts)
 A = Elapsed time spent in this place.
 B = Non-inter-level travel time spent in this place.
 C = Inter-level travel time spent in this place.
 D = Time resting spent in this place.
 E = Time spent auto-exploring this place.
 F = Levels seen in this place.
 G = Mean time per level.
                   A        B        C        D        E       F      G
               +--------+--------+--------+--------+--------+-----+--------+
         Total |   3565 |   3455 |    110 |      0 |   3082 |   3 | 1188.3 |
       Dungeon |   3565 |   3455 |    110 |      0 |   3082 |   3 | 1188.3 |
               +--------+--------+--------+--------+--------+-----+--------+

Top non-repeatable levels by time:
     D:1: 1684 daAuts
     D:2: 1553 daAuts
     D:3: 327 daAuts
